 Dungeon Crawl Stone Soup version 0.20.2-3-g29329e0561 (webtiles) character file.

958 Alfie the Cutter (level 8, -12/68 HPs)
             Began as a Hill Orc Fighter on Mar 12, 2024.
             Mangled by an ice beast (14 damage)
             ... on level 5 of the Dungeon.
             The game lasted 00:06:29 (3069 turns).

Alfie the Cutter (Hill Orc Fighter)                 Turns: 3069, Time: 00:06:30

Health: -12/68     AC:  8    Str: 21    XL:     8   Next: 14%
Magic:  8/8        EV:  8    Int:  8    God:
Gold:   94         SH: 10    Dex: 10    Spells: 6/7 levels left

rFire    . . .     SeeInvis .   a - +0 rapier
rCold    . . .     Gourm    .   c - +0 shield
rNeg     . . .     Faith    .   b - +0 scale mail
rPois    .         Spirit   .   r - +0 helmet
rElec    .         Reflect  .   (no cloak)
rCorr    .         Harm     .   (no gloves)
MR       .....                  (no boots)
Stlth    ..........             (no amulet)
Regen    0.3/turn               (no ring)
MPRegen  0.2/turn               (no ring)

@: no status effects
A: no striking features
a: no special abilities


You were on level 5 of the Dungeon.
You were not hungry.

You visited 1 branch of the dungeon, and saw 5 of its levels.

You collected 94 gold pieces.

Inventory:

Hand Weapons
 a - a +0 rapier (weapon)
Armour
 b - a +0 scale mail (worn)
 c - a +0 shield (worn)
 r - a +0 helmet (worn)
Scrolls
 e - a scroll of fog {unknown}
 h - a scroll of enchant weapon {unknown}
 k - 2 scrolls of remove curse {unknown}
 l - a scroll of identify {unknown}
 n - a scroll of recharging {unknown}
 o - a scroll of enchant armour {unknown}
 p - a scroll of amnesia {unknown}
 t - a scroll of teleportation {unknown}
 u - a scroll of noise {unknown}
 v - a scroll of fear
 x - a scroll of random uselessness {unknown}
 y - a scroll of magic mapping {unknown}
Potions
 d - a potion of mutation {unknown}
 g - 2 potions of curing
 i - a potion of magic {unknown}
 j - a potion of agility
 m - a potion of lignification {unknown}
 s - a potion of flight
Comestibles
 f - a bread ration
 w - 2 meat rations


   Skills:
 + Level 5.3 Fighting
 + Level 6.2 Short Blades
 + Level 5.3 Armour
 + Level 1.8 Dodging
 + Level 0.3 Stealth
 + Level 5.3 Shields


You had 6 spell levels left.
You knew the following spells:

 Your Spells              Type           Power        Failure   Level  Hunger
a - Magic Dart            Conj           #...         98%         1    ##.....


Dungeon Overview and Level Annotations

Branches:
Dungeon (5/15)
 Temple: D:4-7

Altars:
Gozag


Message History

You barely miss the ice beast.
The ice beast is moderately wounded.
You hit the ice beast.
The ice beast is moderately wounded.
The ice beast completely misses you.
You hit the ice beast.
The ice beast is heavily wounded.
The ice beast hits you but does no damage.
You hit the ice beast but do no damage.
The ice beast is heavily wounded.
The ice beast hits you.
* * * LOW HITPOINT WARNING * * *
The ice beast freezes you!
* * * LOW HITPOINT WARNING * * *
You puncture the ice beast!
The ice beast is severely wounded.
The ice beast hits you.
* * * LOW HITPOINT WARNING * * *
The ice beast freezes you!
You die...

#...###############
#..................
#..>...............
#...##'############
#...#......#
#####......#
#....).# #......#
#....@.# #....Y.#
#......+ #......#
#......+ #......#
#....... ###.###.


You could see an ice beast.

Vanquished Creatures
  Sigmund (D:2)
  Edmund (D:4)
  A sky beast (D:5)
  3 ogres
  A scorpion (D:4)
  A hound (D:4)
  An orc wizard (D:3)
  Jessica (D:3)
  Natasha (twice) (D:3)
  A centaur skeleton (D:4)
  Terence (D:2)
  A worker ant (D:4)
  2 adders
  2 adder skeletons (D:4)
  3 leopard geckos
  8 orcs
  A ball python (D:3)
  3 bats
  3 giant cockroaches
  5 goblins
  4 hobgoblins
  8 kobolds
  4 quokkas
  2 frilled lizards
  3 rats
63 creatures vanquished.

Notes
Turn   | Place    | Note
-------+----------+-------------------------------------------
     0 | D:1      | Alfie the Hill Orc Fighter began the quest for the Orb.
     0 | D:1      | Reached XP level 1. HP: 19/19 MP: 1/1
   138 | D:1      | Reached XP level 2. HP: 27/27 MP: 2/2
   532 | D:2      | Reached XP level 3. HP: 33/33 MP: 3/3
   576 | D:2      | Noticed Sigmund
   596 | D:2      | Killed Sigmund
   596 | D:2      | Reached skill level 3 in Short Blades
   596 | D:2      | Reached skill level 1 in Dodging
   596 | D:2      | Reached XP level 4. HP: 30/41 MP: 4/4
   596 | D:2      | Reached XP level 5. HP: 34/47 MP: 5/5
   745 | D:2      | Noticed Terence
   758 | D:2      | Killed Terence
   989 | D:2      | Reached skill level 4 in Short Blades
  1140 | D:2      | Found an opulent altar of Gozag.
  1291 | D:3      | Reached XP level 6. HP: 53/53 MP: 6/6
  1345 | D:3      | Noticed Natasha
  1359 | D:3      | Killed Natasha
  1675 | D:3      | Noticed Natasha
  1679 | D:3      | Killed Natasha
  1794 | D:3      | Learned a level 1 spell: Magic Dart
  1895 | D:3      | Noticed Jessica
  1899 | D:3      | Killed Jessica
  2081 | D:4      | Reached skill level 5 in Short Blades
  2081 | D:4      | Reached XP level 7. HP: 28/60 MP: 7/7
  2119 | D:4      | HP: 3/60 [scorpion (5)]
  2122 | D:4      | HP: 1/60 [poisoned by a scorpion]
  2541 | D:4      | Reached skill level 5 in Fighting
  2622 | D:4      | Noticed Edmund
  2650 | D:4      | Killed Edmund
  2650 | D:4      | Reached skill level 5 in Armour
  2650 | D:4      | Reached skill level 5 in Shields
  2985 | D:5      | Entered Level 5 of the Dungeon
  3018 | D:5      | HP: 1/61 [sky beast (5)]
  3024 | D:5      | Reached XP level 8. HP: 25/68 MP: 8/8
  3042 | D:5      | Reached skill level 6 in Short Blades
  3068 | D:5      | HP: 3/68 [ice beast (11)]
  3069 | D:5      | Mangled by an ice beast

Skill      XL: |  1  2  3  4  5  6  7  8 |
---------------+-------------------------+-----
Fighting       | 4 5 |  5.3
Short Blades   | 3 4 5 6 |  6.2
Armour         | 4 5 |  5.3
Dodging        | 1 |  1.8
Shields        | 4 5 |  5.3
Stealth        | |  0.3

Action                   |  1- 3 |  4- 6 |  7- 9 || total
-------------------------+-------+-------+-------++-------
Melee: Rapier            |    61 |   131 |   150 ||   342
  Use: Potion            |     1 |       |     5 ||     6
       Scroll            |       |     1 |       ||     1
  Eat: Bread ration      |       |     1 |     1 ||     2
Armor: Scale mail        |    20 |    35 |    44 ||    99
Dodge: Dodged            |    14 |    18 |    35 ||    67
Block: Shield            |    34 |    60 |    44 ||   138
